 Dungeon Crawl Stone Soup version 0.28-a0-872-g80cf8599ee (webtiles) character file.

Game seed: 15512457884604463450

6274 swappor the Fighter (level 10, -2/96 HPs)
             Began as a Minotaur Berserker on Nov 20, 2021.
             Was a High Priest of Trog.
             Slain by a ten-headed hydra (12 damage)
             ... on level 9 of the Dungeon.
             The game lasted 00:51:00 (10388 turns).

swappor the Fighter (Minotaur Berserker)           Turns: 10388, Time: 00:51:01

Health: -2/96      AC: 16    Str: 25    XL:     10   Next: 63%
Magic:  9/9        EV: 14    Int:  8    God:    Trog [*****.]
Gold:   1721       SH: 14    Dex:  9    Spells: 9/9 levels left

rFire   . . .      SeeInvis .   a - +0 war axe
rCold   . . .      Faith    .   B - +1 kite shield {reflect}
rNeg    + . .      Spirit   .   l - +4 scale mail "Moha" {rPois rN+ rCorr}
rPois   +          Reflect  +   x - +2 hat {Int+3}
rElec   .          Harm     .   j - +1 cloak {Stlth+}
rCorr   +          Rampage  .   (no gloves)
Will    .....                   (no boots)
Stlth   +.........              f - amulet of reflection
HPRegen 0.26/turn               v - +4 ring of evasion
MPRegen 0.11/turn               y - ring of resist corrosion

@: no status effects
A: horns 2, retaliatory headbutt
a: Renounce Religion, Berserk, Trog's Hand, Brothers in Arms


You were on level 9 of the Dungeon.
You worshipped Trog.
Trog was extremely pleased with you.
You visited 2 branches of the dungeon, and saw 11 of its levels.
You also visited: Bailey.

You collected 1817 gold pieces.
You spent 96 gold pieces at shops.

Inventory:

Hand Weapons
 a - a +0 war axe (weapon)
 b - a +0 hunting sling
Missiles
 s - 108 sling bullets
Armour
 j - a +1 cloak of stealth (worn)
 l - the +4 scale mail "Moha" (worn) {rPois rN+ rCorr}
   (You found it on level 4 of the Dungeon)

   rPois:     It protects you from poison.
   rN:        It protects you from negative energy.
   rCorr:     It protects you from acid and corrosion.
 x - a +2 hat of intelligence (worn)
 B - a +1 kite shield of reflection (worn)
Jewellery
 f - an amulet of reflection (around neck)
 v - a +4 ring of evasion (left hand)
 y - a ring of resist corrosion (right hand)
Wands
 t - a wand of flame (8)
 u - a wand of mindburst (20)
 z - a wand of acid (6)
 C - a wand of iceblast (10)
Scrolls
 d - a scroll of blinking
 e - 2 scrolls of vulnerability
 h - a scroll of identify
 q - a scroll of enchant armour
 w - 2 scrolls of teleportation
Potions
 c - a potion of curing
 g - 2 potions of might
 i - 2 potions of lignification {unknown}
 m - a potion of berserk rage
 n - a potion of attraction {unknown}
 p - 2 potions of degeneration
 r - 2 potions of mutation
 A - a potion of flight
 D - a potion of heal wounds {unknown}


   Skills:
 * Level 11.4 Fighting
 + Level 10.9 Axes
 + Level 8.0 Armour
 + Level 7.3 Dodging
 * Level 4.0 Shields
 * Level 3.0 Evocations


You had 9 spell levels left.
You didn't know any spells.
Your spell library was empty.

Dungeon Overview and Level Annotations

Branches:
Dungeon (10/15)            Temple (1/1) D:6            Lair (0/6) D:9
 Bailey (visited)
    Orc: D:9-12

Altars:
Ashenzari
Cheibriados
Dithmenos
Elyvilon
Fedhas
Gozag
Hepliaklqana
Kikubaaqudgha
Makhleb
Nemelex Xobeh
Okawaru
Qazlal
Ru
Sif Muna
Trog
Uskayaw
Vehumet
Wu Jian
Xom
Yredelemnul
Zin
The Shining One

Shops:
D:4 !   D:6 *   D:7 *   D:8 [


Innate Abilities, Weirdness & Mutations

You have a pair of horns on your head.
You reflexively headbutt those who attack you in melee.


Message History

The nine-headed hydra barely misses you.
The nine-headed hydra misses you. The nine-headed hydra bites you.
The ten-headed hydra misses you. The ten-headed hydra bites you!
The ten-headed hydra completely misses you.
The ten-headed hydra bites you. x2
The ten-headed hydra closely misses you.
The ten-headed hydra completely misses you.
The ten-headed hydra closely misses you.
The ten-headed hydra bites you.
You block the ten-headed hydra's attack.
The nine-headed hydra completely misses you.
The nine-headed hydra bites you but does no damage. x2
The nine-headed hydra barely misses you.
The nine-headed hydra misses you. x2; The nine-headed hydra bites you!
The nine-headed hydra completely misses you.
The nine-headed hydra bites you.
There is a stone staircase leading up, spattered with blood here.
The ten-headed hydra bites you but does no damage.
The ten-headed hydra bites you! The ten-headed hydra misses you.
The ten-headed hydra bites you.
The ten-headed hydra closely misses you.
You block the ten-headed hydra's attack. x2
The ten-headed hydra bites you but does no damage. x2
You block the ten-headed hydra's attack.
The nine-headed hydra bites you but does no damage.
The nine-headed hydra closely misses you.
The nine-headed hydra barely misses you.
The nine-headed hydra closely misses you. x2
The nine-headed hydra bites you!
* * * LOW HITPOINT WARNING * * *
The nine-headed hydra bites you!
* * * LOW HITPOINT WARNING * * *
The nine-headed hydra bites you.
* * * LOW HITPOINT WARNING * * *
You block the nine-headed hydra's attack.
You climb upwards.
There is a stone staircase leading down, spattered with blood here.
Your two-headed ogre goes berserk!
The ten-headed hydra bites you!
You die...

........# #.# ###############
###.....# #.# #..............
.≈...#..#######[###.###..........
...#..#....................######
.PP##.#######........#####.#
.PPP..#######.###>#..# #.######
P>...≈#.(.....###.#..# #.......
P.PP..######..##.DO..# #.######
...##.# #..##@##..#####.#
...#.(### #...D...........#
.≈...#..# ##.......###.#.##
###.....# #.#####.# #.#.#
........# #.# #.# #.#.#####
##..###.# #.# #.# #.#.....# ##.##
#.# #.#####.# #.#####.# ##.####.#
#.##....# #.# #.#
##.#....#####.##.#### #.# #.#


You could see a ten-headed hydra (ally target), a nine-headed hydra and a
friendly two-headed ogre (summoned, berserk).

Vanquished Creatures
  A two-headed ogre (D:9)
  The ghost of SirDiesAlot the Quickloader, a novice MiDe of Okawaru (D:9)
  2 trolls (D:10)
  2 wyverns
  A water moccasin (D:7)
  An ice beast (D:8)
  3 orc warriors
  2 black bears
  2 necrophages
  3 centaurs
  2 ogres
  A lemure (D:6)
  A kobold brigand (D:7)
  2 bullfrogs (D:8)
  3 scorpions (D:6)
  A water moccasin zombie (D:6)
  A water moccasin skeleton (D:5)
  9 killer bees
  7 wights
  7 howler monkeys
  2 bullfrog zombies
  5 centaur zombies
  3 jellies
  4 orc priests
  2 bullfrog skeletons
  2 hounds
  6 iguanas
  Ijyb (D:5)
  2 orc wizards
  A hound zombie (D:5)
  A hound skeleton (D:4)
  Robin (D:2)
  9 gnolls
  A howler monkey skeleton (D:7)
  11 adders
  A shadow imp (D:6)
  A white imp (D:5)
  An ufetubus (D:5)
  6 worms
  3 dart slugs
  29 orcs
  6 ball pythons
  6 bats
  8 endoplasms
  8 giant cockroaches
  24 goblins
  11 hobgoblins
  7 jackals
  5 quokkas
  2 frilled lizards
  22 kobolds
  11 rats
254 creatures vanquished.

Vanquished Creatures (collateral kills)
  Pikel (D:6)
  A bullfrog (D:6)
  A bullfrog zombie (D:6)
  An orc (D:6)
4 creatures vanquished.

Vanquished Creatures (others)
  A fungus (D:9)
  A plant (D:10)
2 creatures vanquished.

Grand Total: 260 creatures vanquished

Notes
Turn   | Place    | Note
-------+----------+-------------------------------------------
     0 | D:1      | swappor the Minotaur Berserker began the quest for the Orb.
     0 | D:1      | Reached XP level 1. HP: 19/19 MP: 0/0
     1 | D:1      | Found a runed translucent door.
   169 | D:1      | Reached XP level 2. HP: 24/27 MP: 1/1
   230 | D:1      | Found a faded altar of an unknown god.
   251 | D:1      | Reached skill level 4 in Fighting
   897 | D:1      | Reached XP level 3. HP: 33/33 MP: 2/2
   935 | D:1      | Reached ** piety under Trog
  1294 | D:2      | Reached XP level 4. HP: 41/41 MP: 3/3
  1302 | D:2      | Noticed Robin
  1466 | D:2      | Found a sparkling altar of Nemelex Xobeh.
  1645 | D:2      | Reached *** piety under Trog
  1970 | D:2      | Killed Robin
  1976 | D:2      | Reached skill level 5 in Fighting
  1981 | D:2      | Reached XP level 5. HP: 40/48 MP: 4/4
  2252 | D:3      | Reached skill level 5 in Axes
  2397 | D:3      | Found a burning altar of Makhleb.
  2826 | D:4      | Found Enudgh's Distillery.
  2911 | D:4      | Found a radiant altar of Vehumet.
  2959 | D:4      | Reached **** piety under Trog
  3208 | D:4      | Reached XP level 6. HP: 32/57 MP: 5/5
  3465 | D:4      | Reached skill level 6 in Fighting
  3707 | D:4      | Identified the +4 scale mail "Moha" {rPois rN+ rCorr}
  3960 | D:4      | Reached XP level 7. HP: 51/64 MP: 6/6
  4429 | D:4      | Bought a potion of mutation for 96 gold pieces
  4623 | D:5      | Entered Level 5 of the Dungeon
  4763 | D:5      | Reached skill level 7 in Fighting
  5057 | D:5      | Reached skill level 5 in Armour
  5057 | D:5      | Reached XP level 8. HP: 73/73 MP: 7/7
  5538 | D:5      | Found a hazy altar of Hepliaklqana.
  5538 | D:5      | Noticed Ijyb
  5545 | D:5      | Killed Ijyb
  5546 | D:5      | Reached skill level 5 in Dodging
  5757 | D:6      | Reached skill level 8 in Fighting
  5840 | D:6      | Found a shimmering altar of Xom.
  5856 | D:6      | Found a shimmering altar of Xom.
  5906 | D:6      | Found a shimmering altar of Xom.
  5909 | D:6      | Found a shimmering altar of Xom.
  5911 | D:6      | Found a shimmering altar of Xom.
  5911 | D:6      | Found a shimmering altar of Xom.
  5915 | D:6      | Found Zafapa Ucia's Assorted Antiques.
  5990 | D:6      | Noticed Pikel
  6010 | D:6      | Killed Pikel
  6011 | D:6      | Reached skill level 9 in Fighting
  6011 | D:6      | Reached XP level 9. HP: 56/83 MP: 8/8
  6445 | D:6      | Found a shimmering altar of Xom.
  6510 | D:6      | Found a staircase to the Ecumenical Temple.
  6516 | Temple   | Entered the Ecumenical Temple
  6946 | D:7      | Found Astaire's Neck Hole.
  7301 | D:7      | Reached skill level 10 in Fighting
  7582 | D:8      | Found Ypnuwnia's Antique Armour Shoppe.
  7631 | D:8      | Found a flagged portal.
  7638 | D:8      | Reached ***** piety under Trog
  7641 | D:8      | Reached skill level 10 in Axes
  7650 | Bailey   | Entered a bailey
  7773 | Bailey   | Received a gift from Trog
  8691 | D:9      | Found a staircase to the Lair.
  8800 | D:9      | Reached XP level 10. HP: 94/94 MP: 9/9
  8856 | D:9      | Reached skill level 1 in Shields
  8987 | D:9      | Reached skill level 1 in Evocations
  9150 | D:9      | Noticed a two-headed ogre
  9158 | D:9      | Killed a two-headed ogre
  9469 | D:9      | Found a shadowy altar of Dithmenos.
  9488 | D:9      | Reached skill level 11 in Fighting
  9613 | D:10     | Entered Level 10 of the Dungeon
  9618 | D:10     | Found a runed translucent gate.
  9618 | D:10     | Found a runed translucent gate.
  9621 | D:10     | Found a runed translucent gate.
  9621 | D:10     | Noticed a ten-headed hydra
  9621 | D:10     | Noticed SirDiesAlot's ghost (novice MiDe)
  9621 | D:10     | Noticed a nine-headed hydra
 10117 | D:10     | Found a hide-covered altar of Uskayaw.
 10226 | D:9      | Killed SirDiesAlot's ghost
 10388 | D:9      | Slain by a ten-headed hydra

Illustrated notes

Levels and vault maps discovered:
D:1:      dpeg_arrival_caged_fury, layout_basic,
          chequers_ecumenical_altar_island
D:2:      layout_basic, basic_altar, uniq_robin
D:3:      layout_basic, bloody_makhleb
D:4:      minmay_diamond_boxcup, layout_basic, nicolae_vehumet_altar_sigil,
          serial_shops, nicolae_inconvenience_store
D:5:      layout_loops_corners, worldfamousw_hep_ancestral_shrine, uniq_ijyb
D:6:      layout_cave_pools, nicolae_xom_altar_mimics,
          minmay_temple_entry_enclosed_plants, serial_shops, shop, uniq_pikel
D:7:      layout_basic, nicolae_shop_sticking_my_neck_out
D:8:      layout_gridville, serial_shops, shop, enter_bailey_1,
          minmay_misc_feat_plants
D:9:      layout_loops_ring, nicolae_dithmenos_through_a_glass_darkly,
          dpeg_oklobed_lair, grunt_decor_one_mirror, bh_walls_and_bars
D:10:     layout_roguey, nicolae_uskayaw_dance_hall, gammafunk_ghost_hydra_chop
Temple:   eino_temple_scatter_basement

Skill      XL: |  1  2  3  4  5  6  7  8  9 10 |
---------------+-------------------------------+-----
Fighting       | 4 5 6 7 9 10 11 | 11.4
Axes           | 4 5 6 7 8 10 | 10.9
Armour         | 3 4 5 6 7 8 |  8.0
Dodging        | 3 4 5 6 7 |  7.3
Shields        | 4 |  4.0
Evocations     | 3 |  3.0

Action                   |  1- 3 |  4- 6 |  7- 9 | 10-12 || total
-------------------------+-------+-------+-------+-------++-------
Melee: Hand axe          |    93 |    32 |       |       ||   125
       Headbutt          |    15 |    30 |    63 |    10 ||   118
       Mace              |       |    87 |       |       ||    87
       War axe           |       |    34 |   324 |    81 ||   439
 Fire: Hunting sling     |       |    12 |     4 |     2 ||    18
Throw: Stone             |     4 |       |       |       ||     4
Invok: Trog's Hand       |       |       |     2 |       ||     2
       Berserk           |       |       |     2 |     2 ||     4
       Brothers in Arms  |       |       |     1 |     1 ||     2
  Use: Potion            |       |       |     2 |       ||     2
       Scroll            |       |       |       |    11 ||    11
 Stab: Sleeping          |       |     2 |       |       ||     2
Armor: Animal skin       |     9 |       |       |       ||     9
       Leather armour    |     7 |    13 |       |       ||    20
       Ring mail         |       |    11 |       |       ||    11
       Chain mail        |       |     9 |       |       ||     9
       Scale mail        |       |     1 |   122 |    42 ||   165
Dodge: Dodged            |    41 |    75 |   184 |    63 ||   363
Block: Other             |     9 |    25 |    62 |       ||    96
       Reflection        |       |       |    11 |     8 ||    19
       Kite shield       |       |       |    32 |    93 ||   125

Table legend: (Time is in decaauts)
 A = Elapsed time spent in this place.
 B = Non-inter-level travel time spent in this place.
 C = Inter-level travel time spent in this place.
 D = Time resting spent in this place.
 E = Time spent auto-exploring this place.
 F = Levels seen in this place.
 G = Mean time per level.
                   A        B        C        D        E       F      G
               +--------+--------+--------+--------+--------+-----+--------+
         Total |  10519 |   9867 |    652 |    390 |   7074 |  12 |  876.6 |
       Dungeon |   9971 |   9328 |    643 |    390 |   6861 |  10 |  997.1 |
        Temple |    165 |    156 |      9 |      0 |    140 |   1 |  165.0 |
        Bailey |    381 |    381 |      0 |      0 |     73 |   1 |  381.0 |
               +--------+--------+--------+--------+--------+-----+--------+

Top non-repeatable levels by time:
     D:4: 1810 daAuts
     D:9: 1266 daAuts
     D:5: 1177 daAuts
     D:2: 1172 daAuts
     D:1: 1087 daAuts
     D:6: 869 daAuts
     D:7: 732 daAuts
     D:8: 716 daAuts
     D:3: 590 daAuts
    D:10: 549 daAuts
  Bailey: 381 daAuts
  Temple: 165 daAuts
